 Dungeon Crawl Stone Soup version 0.27-a0-1291-geefcff550b (webtiles) character file.

Game seed: 9925735021422366916

12 bilbop the Chopper (level 2, 0/27 HPs)
             Began as a Hill Orc Monk on June 16, 2021.
             Succumbed to a goblin's poison
             ... on level 1 of the Dungeon.
             The game lasted 00:03:03 (208 turns).

bilbop the Chopper (Hill Orc Monk)                   Turns: 208, Time: 00:03:04

Health: 0/27       AC:  5    Str: 13    XL:     2   Next: 33%
Magic:  2/2        EV: 11    Int: 10    God:
Gold:   7          SH:  0    Dex: 13    Spells: 1/1 levels left

rFire    . . .     SeeInvis .   a - +0 hand axe
rCold    . . .     Faith    .   (no shield)
rNeg     . . .     Spirit   .   c - +0 ring mail
rPois    .         Reflect  .   (no helmet)
rElec    .         Harm     .   (no cloak)
rCorr    .         Rampage  .   (no gloves)
Will     .....                  (no boots)
Stlth    +.........             (no amulet)
HPRegen  0.09/turn              (no ring)
MPRegen  0.08/turn              (no ring)

@: lethally poisoned (0 -> -5)
A: no striking features
a: no special abilities


You were on level 1 of the Dungeon.
You visited 1 branch of the dungeon, and saw 1 of its levels.

You collected 7 gold pieces.

Inventory:

Hand Weapons
 a - a +0 hand axe (weapon)
Armour
 b - a +0 robe
 c - a +0 ring mail (worn)
Scrolls
 d - a scroll of silence {unknown}


   Skills:
 + Level 3.9 Fighting
 + Level 4.2 Axes
 + Level 0.7 Armour
 - Level 2.4 Dodging
 - Level 1.5 Stealth
 + Level 1.2 Invocations


You had one spell level left.
You didn't know any spells.
Your spell library was empty.

Dungeon Overview and Level Annotations

Branches:
Dungeon (1/15)

Altars:


Message History

No target in view!
A goblin comes into view. It is wielding a +2 dagger of venom.
The goblin shouts!
Found a white potion.
You hit the goblin.
The goblin is severely wounded.
The goblin hits you with a +2 dagger of venom.
You are poisoned.
The goblin hits you but does no damage.
You completely miss the goblin.
The goblin is severely wounded.
You feel very sick.
The goblin hits you with a +2 dagger of venom.
You are lethally poisoned!
You hit the goblin.
You kill the goblin!
You feel very sick.
You are too injured to fight recklessly!
You are too injured to fight recklessly!
You are too injured to fight recklessly!
You are too injured to fight recklessly!
You are too injured to fight recklessly!
* * * LOW HITPOINT WARNING * * *
You feel very sick.
Things that are here:
a +2 dagger of venom; a goblin corpse You aren't carrying any potions.
* * * LOW HITPOINT WARNING * * *
You feel sick.
* * * LOW HITPOINT WARNING * * *
You feel very sick.
You see here a white potion.
e - a white potion
* * * LOW HITPOINT WARNING * * *
You feel sick.
It was a potion of magic.
Magic courses through your body.
* * * LOW HITPOINT WARNING * * *
You feel sick.
Unknown command.
You die...

#...# #...# #...#
####### #††.# #..$..#
####...# #.....#
#......# ###.....#
#.##...# #...)...#
##.##...###.#.....#
####..##.......#@....#
≈§8#.#####..##.......#
...#....#...##.#######
...#.##.#......#
..<#.#......####
...###....[##
...#...#....#
...###......# ≈≈8#
#.###.....


There were no monsters in sight!

Vanquished Creatures
  A ball python (D:1)
  2 bats (D:1)
  3 goblins (D:1)
  A hobgoblin (D:1)
  A kobold (D:1)
  3 rats (D:1)
11 creatures vanquished.

Notes
Turn   | Place    | Note
-------+----------+-------------------------------------------
     0 | D:1      | bilbop the Hill Orc Monk began the quest for the Orb.
     0 | D:1      | Reached XP level 1. HP: 19/19 MP: 1/1
   127 | D:1      | Reached XP level 2. HP: 27/27 MP: 2/2
   134 | D:1      | Reached skill level 1 in Invocations
   207 | D:1      | HP: 1/27 [poisoned by a goblin]
   208 | D:1      | Succumbed to a goblin's poison

Illustrated notes

Levels and vault maps discovered:
D:1:      lightli_arrival_noodles, layout_rooms

Skill      XL: |  1  2 |
---------------+-------+-----
Invocations    | 1 |  1.2
Fighting       | |  3.9
Axes           | |  4.2
Armour         | |  0.7
Dodging        | |  2.4
Stealth        | |  1.5

Action                   || total
-------------------------++-------
Melee: Hand axe          ||    22
  Use: Potion            ||     1
Armor: Ring mail         ||     4
Dodge: Dodged            ||    10

Table legend: (Time is in decaauts)
 A = Elapsed time spent in this place.
 B = Non-inter-level travel time spent in this place.
 C = Inter-level travel time spent in this place.
 D = Time resting spent in this place.
 E = Time spent auto-exploring this place.
 F = Levels seen in this place.
 G = Mean time per level.
                   A        B        C        D        E       F      G
               +--------+--------+--------+--------+--------+-----+--------+
         Total |    210 |    203 |      7 |      0 |    135 |   1 |  210.0 |
       Dungeon |    210 |    203 |      7 |      0 |    135 |   1 |  210.0 |
               +--------+--------+--------+--------+--------+-----+--------+

Top non-repeatable levels by time:
     D:1: 210 daAuts
